 Dungeon Crawl Stone Soup version 0.30-a0-1075-gcd70e7a56d (webtiles) character file.

Game seed: 13763998168454327368

177 jasper the Cutter (level 5, -5/24 HPs)
             Began as a Spriggan Enchanter on Apr 14, 2023.
             Slain by a mummy (17 damage)
             ... in an ossuary.
             The game lasted 00:05:50 (2334 turns).

jasper the Cutter (Spriggan Enchanter)              Turns: 2334, Time: 00:05:51

Health: -5/24      AC:  3    Str:  4    XL:     5   Next: 31%
Magic:  3/10       EV: 17    Int: 19    God:
Gold:   168        SH:  0    Dex: 15    Spells: 4/9 levels left

rFire   . . .      SeeInvis +    e - +3 quick blade (freeze)
rCold   . . .      Faith    .    (no shield)
rNeg    . . .      Spirit   .    b - +1 robe
rPois   .          Reflect  .    (helmet restricted)
rElec   .          Rampage  .    (no cloak)
rCorr   .                        (gloves unavailable)
Will    .....                    (boots unavailable)
Stlth   +++                      (no amulet)
HPRegen 0.24/turn                (no ring)
MPRegen 0.12/turn                (no ring)

@: invisible, very quick
A: very small, no large weapons, unfitting armour, see invisible, speed 3
a: no special abilities


You were in an ossuary.
You visited 1 branch of the dungeon, and saw 4 of its levels.
You also visited: Ossuary.

You collected 168 gold pieces.

Inventory:

Hand Weapons
 a - a +1 dagger
 e - a +3 quick blade of freezing (weapon)
 f - a +1 short sword of venom
Missiles
 n - 3 poisoned darts
Armour
 b - a +1 robe (worn)
Scrolls
 d - a scroll of identify
 g - a scroll of acquirement
 h - a scroll of teleportation
 k - a scroll of vulnerability {unknown}
Potions
 i - a potion of heal wounds {unknown}
 j - 3 potions of attraction
 l - a potion of flight {unknown}
 m - a potion of cancellation {unknown}
 o - 2 potions of curing


   Skills:
 + Level 5.4 Short Blades
 - Level 2.6 Dodging
 - Level 5.3 Stealth
 - Level 2.6 Spellcasting
 - Level 3.6 Hexes


You had 4 spell levels left.
You knew the following spells:

 Your Spells              Type           Power      Damage    Failure   Level
a - Ensorcelled Hibernat  Hex/Ice        18%        N/A       12%         2
b - Confusing Touch       Hex            16%        N/A       11%         3

Your spell library contained the following spells:

 Spells                   Type           Power      Damage    Failure   Level
 Tukima's Dance           Hex            16%        N/A       11%         3
 Shock                    Conj/Air       8%         1d3       16%         1
 Dazzling Flash           Conj/Hex       18%        N/A       22%         3
 Poisonous Vapours        Pois/Air       4%         N/A       24%         2
 Mephitic Cloud           Conj/Pois/Air  2%         N/A       43%         3
 Swiftness                Air            2%         N/A       43%         3
 Airstrike                Air            1%         2d(1-17)  83%         4
 Olgreb's Toxic Radiance  Pois           2%         N/A       83%         4
 Petrify                  Tmut/Erth      2%         N/A       83%         4
 Metabolic Englaciation   Hex/Ice        4%         N/A       91%         5
 Freezing Cloud           Conj/Ice/Air   1%         6-21      99%         5
 Statue Form              Tmut/Erth      1%         N/A       100%        6
 Discord                  Hex            8%         N/A       100%        8
 Ignition                 Fire           1%         3d3       100%        8


Dungeon Overview and Level Annotations

Branches:
Dungeon (4/15)            Ossuary (1/1)
 Temple: D:4-7

Altars:
Zin


Innate Abilities, Weirdness & Mutations

You are very small and have problems with some larger weapons.
You are too small for most types of armour.
You have supernaturally acute eyesight. (SInv)
You cover ground extremely quickly. (Speed+++)


Message History

You take 1 damage, and have 10/24 hp.
You feel sick.
You are no longer poisoned.
You take 1 damage, and have 9/24 hp.
There is a sand-covered staircase here.
The world spins around you as you enter the gateway.
You enter an ossuary!
Found a gate leading back out of this place.
There is an empty arch of ancient stone here.
There are monsters nearby!
You hit the mummy. You freeze the mummy.
The mummy is moderately damaged.
You fade into invisibility!
The mummy barely misses you.
You closely miss the mummy.
The mummy is moderately damaged.
The mummy barely misses you.
You barely miss the mummy.
The mummy is moderately damaged.
The mummy completely misses you.
You hit the mummy but do no damage.
The mummy is moderately damaged.
You hit the mummy.
The mummy is heavily damaged.
You barely miss the mummy.
The mummy is heavily damaged.
The mummy misses you.
You hit the mummy. You freeze the mummy.
The mummy is severely damaged.
The mummy misses you.
You catch the helpless mummy completely off-guard!
You puncture the mummy! You freeze the mummy.
You destroy the mummy!
You barely miss the mummy. You hit the mummy but do no damage.
The mummy misses you.
You hit the mummy.
The mummy is lightly damaged.
The mummy hits you!
Ouch! That really hurt!
You die...

####
######@.#
#....MM##
+.∩.∩...#
#......##
######..#
####


You could see 2 mummies.

Vanquished Creatures
  A scorpion (D:4)
  Natasha (twice) (D:3)
  A mummy (Ossuary)
  2 adders
  2 dart slugs (D:1)
  An orc (D:3)
  A bat (D:1)
  3 endoplasms
  5 hobgoblins
  2 jackals (D:1)
  A quokka (D:1)
  3 ball pythons
  3 frilled lizards (D:2)
  5 goblins
  6 kobolds
  4 rats (D:2)
42 creatures vanquished.

Notes
Turn   | Place    | Note
-------+----------+-------------------------------------------
     0 | D:1      | jasper the Spriggan Enchanter began the quest for the Orb.
     0 | D:1      | Reached XP level 1. HP: 9/9 MP: 5/5
   219 | D:1      | Reached XP level 2. HP: 13/13 MP: 6/6
   222 | D:1      | Learned a level 2 spell: Ensorcelled Hibernation
   289 | D:1      | Reached skill level 5 in Stealth
   629 | D:1      | Identified a scroll of acquirement
   629 | D:1      | Acquired a +3 vampiric quick blade
   649 | D:2      | Found a faded altar of an unknown god.
   658 | D:2      | Reached XP level 3. HP: 16/16 MP: 5/8
  1645 | D:2      | Learned a level 3 spell: Confusing Touch
  1696 | D:3      | Noticed Natasha
  1711 | D:3      | Killed Natasha
  1712 | D:3      | Reached XP level 4. HP: 11/21 MP: 5/9
  1835 | D:3      | Noticed Natasha
  1846 | D:3      | Killed Natasha
  1959 | D:3      | You fall into a shaft and drop 1 floor!
  2277 | D:4      | Found a glowing silver altar of Zin.
  2295 | D:4      | Noticed a scorpion
  2298 | D:4      | Noticed an ogre
  2303 | D:4      | Killed a scorpion
  2304 | D:4      | Reached skill level 5 in Short Blades
  2304 | D:4      | Reached XP level 5. HP: 16/24 MP: 1/10
  2311 | D:4      | Found a sand-covered staircase.
  2320 | Ossuary  | Entered an ossuary
  2334 | Ossuary  | Slain by a mummy

Illustrated notes

Levels and vault maps discovered:
D:1:      scummos_arrival_forest, layout_loops_ring
D:2:      layout_basic, chequers_ecumenical_altar_island, serial_bayou_pond_e
D:3:      layout_loops_ring, uniq_natasha
D:4:      layout_loops_ring, mainiacjoe_overflow_catch_the_wave,
          lightli_ossuary_entry_decrepit_ruins, portal_sewer_entry_e,
          nrook_uturn, uniq_menkaure
Ossuary:  ossuary_minmay_chase

Skill      XL: |  1  2  3  4 |
---------------+-------------+-----
Stealth        | 5 |  5.3
Short Blades   | 2 3 5 |  5.4
Dodging        | |  2.6
Spellcasting   | |  2.6
Hexes          | |  3.6

Action                     |  1- 3 |  4- 6 || total
---------------------------+-------+-------++-------
  Melee: Short sword       |    31 |       ||    31
         Dagger            |     2 |       ||     2
         Quick blade       |    28 |    18 ||    46
         Punch             |     1 |       ||     1
   Cast: Ensorcelled Hiber |    10 |     9 ||    19
    Use: Scroll            |     8 |       ||     8
         Potion            |     2 |     1 ||     3
   Stab: Sleeping          |    17 |     5 ||    22
         Invisible         |       |     1 ||     1
 Armour: Robe              |     3 |     4 ||     7
  Dodge: Dodged            |    41 |     9 ||    50

Table legend: (Time is in decaauts)
 A = Elapsed time spent in this place.
 B = Non-inter-level travel time spent in this place.
 C = Inter-level travel time spent in this place.
 D = Time resting spent in this place.
 E = Time spent auto-exploring this place.
 F = Levels seen in this place.
 G = Mean time per level.
                   A        B        C        D        E       F      G
               +--------+--------+--------+--------+--------+-----+--------+
         Total |   1570 |   1550 |     20 |      2 |   1259 |   5 |  314.0 |
       Dungeon |   1562 |   1542 |     20 |      2 |   1259 |   4 |  390.5 |
       Ossuary |      7 |      7 |      0 |      0 |      0 |   1 |    7.0 |
               +--------+--------+--------+--------+--------+-----+--------+

Top non-repeatable levels by time:
     D:2: 693 daAuts
     D:1: 412 daAuts
     D:3: 235 daAuts
     D:4: 222 daAuts
 Ossuary: 7 daAuts
